 Dungeon Crawl Stone Soup version 0.19-a0-264-gaf32591 (webtiles) character file.

2 tyvek the Chiller (level 1, -2/13 HPs)
             Began as a Merfolk Ice Elementalist on May 26, 2016.
             Slain by a giant gecko (4 damage)
             ... on level 1 of the Dungeon.
             The game lasted 00:00:31 (243 turns).

tyvek the Chiller (Merfolk Ice Elementalist)         Turns: 243, Time: 00:00:32

Health: -2/13      AC:  2    Str:  8    XL:     1   Next: 40%
Magic:  0/3        EV: 13    Int: 14    God:
Gold:   19         SH:  0    Dex: 14    Spells: 1 memorised, 3 levels left

rFire  . . .     SeeInvis .     (no weapon)
rCold  . . .     Gourm    .     a - +0 robe
rNeg   . . .     Faith    .     (no shield)
rPois  .         Spirit   .     (no helmet)
rElec  .         Dismiss  .     (no cloak)
rCorr  .         Reflect  .     (no gloves)
SustAt .         Harm     .     (no boots)
MR     .....                    (no amulet)
Stlth  ++........               (no ring)
                                (no ring)

@: very slightly contaminated, not resistant to hostile enchantments, unstealthy
A: change form in water, swift swim
a: no special abilities


You were on level 1 of the Dungeon.
You were not hungry.

You visited 1 branch of the dungeon, and saw 1 of its levels.

You collected 19 gold pieces.

Inventory:

Armour
 a - a +0 robe (worn)
Scrolls
 d - a scroll of fog {unknown}
 e - a scroll of identify {unknown}
 h - a scroll of remove curse {unknown}
Books
 b - a book of Frost
Comestibles
 c - a bread ration {@e1}
 f - a meat ration {@e2}
 g - a beef jerky


   Skills:
 - Level 2.6 Dodging
 - Level 2.1 Stealth
 + Level 2.1 Spellcasting
   Level 0.7 Conjurations
 + Level 3.4 Ice Magic


You had 3 spell levels left.
You knew the following spells:

 Your Spells              Type           Power        Failure   Level  Hunger
a - Freeze                Ice            ##..         10%         1    ##.....


Dungeon Overview and Level Annotations

Branches:
Dungeon (1/15)

Altars:


Message History

Welcome, tyvek the Merfolk Ice Elementalist.
Will you prevail where others failed? Will you find the Orb of Zot?
Found a staircase leading out of the dungeon.
Found an escape hatch in the floor.
No target in view!
Found an escape hatch in the floor.
No target in view!
There is an escape hatch in the floor here.
d - a scroll labeled XENGUK VADE No target in view!
Found a stone staircase leading down.
No target in view!
No target in view!
A goblin comes into view. It is wielding a club.
You see here 9 gold pieces.
The goblin shouts!
A goblin is nearby!
A goblin is nearby!
The goblin hits you with a club.
You take 1 damage, and have 12/13 hp.
Aim: a goblin, wielding a club You freeze the goblin.
The goblin hits you but does no damage.
You now have 2/3 mp.
Aim: a goblin, wielding a club (moderately wounded)
You freeze the goblin.
You now have 1/3 mp.
Aim: a goblin, wielding a club (severely wounded)
You freeze the goblin.
You kill the goblin!
You now have 0/3 mp.
You start resting.
Health restored: 13; MP restored: 3 You now have 9 gold pieces.
f - a meat ration {@e2}
Found a stone staircase leading down.
There is a stone staircase leading down here.
g - a beef jerky A bat comes into view.
A bat is nearby!
A bat is nearby!
A bat is nearby!
A bat is nearby!
The bat barely misses you.
Aim: a bat You freeze the bat.
You kill the bat!
You now have 2/3 mp.
You see here 9 poisoned needles.
e - a scroll labeled YDUEMA LUOFFO MP restored: 3
h - a scroll labeled BETSUE HE UVEFO You now have 19 gold pieces (gained 10).
You open the door.
A giant gecko comes into view.
A giant gecko is nearby!
A giant gecko is nearby!
A giant gecko is nearby!
No target in view!
The giant gecko is too close now for your liking.
The giant gecko bites you but does no damage.
You barely miss the giant gecko. The giant gecko bites you.
You take 5 damage, and have 8/13 hp.
MASSIVE DAMAGE!!
Aim: a giant gecko You freeze the giant gecko.
The giant gecko seems to slow down.
The giant gecko is no longer moving slowly.
The giant gecko bites you.
You take 3 damage, and have 5/13 hp.
MASSIVE DAMAGE!!
You now have 2/3 mp.
Aim: a giant gecko (lightly wounded)
You freeze the giant gecko. The giant gecko bites you.
You take 1 damage, and have 4/13 hp.
You now have 1/3 mp.
Aim: a giant gecko (almost dead)
You miscast Freeze.
You are very lightly contaminated with residual magic.
Nothing appears to happen.
The giant gecko barely misses you.
You now have 0/3 mp.
The giant gecko bites you.
* * * LOW HITPOINT WARNING * * *
You take 2 damage, and have 2/13 hp.
The giant gecko bites you.
You die...

#. ♣.♣..♣ #.## #. #.. ♣>..♣♣
######.## #.
#..######..########......##
####.##................##.#######
......#.##........####.##.# #
....#.##.....#######.##.# #
....##.....+.....#.##.# # ...
#.)##.....#####.#.##.# #
....#..##..#..l@..#.#.##.# #
.......>....#.###.........# #
............#...'.........# #
.###........#####.........# #
#......#.#.............# #
#........#.###.........#### #
######.#+#................# #
#................###.# #
#........###########.####


You could see a giant gecko.

Vanquished Creatures
  A bat (D:1)
  A goblin (D:1)
2 creatures vanquished.

Notes
Turn   | Place    | Note
--------------------------------------------------------------
     0 | D:1      | tyvek the Merfolk Ice Elementalist began the quest for the Orb.
     0 | D:1      | Reached XP level 1. HP: 13/13 MP: 3/3
   238 | D:1      | HP: 2/13 [giant gecko (2)]
   243 | D:1      | Slain by a giant gecko

Vault maps used:
D:1:      roderic_dead_forest, minmay_misc_feat_chi

Action                   || total
-------------------------++-------
Melee: Unarmed           ||     1
 Cast: Freeze            ||     6
Armor: Robe              ||     2
Dodge: Dodged            ||     2

Vault maps used:
D:1:      roderic_dead_forest, minmay_misc_feat_chi

Table legend:
 A = Turns spent in this place as a percentage of turns spent in the entire game.
 B = Non-inter-level travel turns spent in this place as a percentage of non-inter-level travel turns spent in the entire game.
 C = Inter-level travel turns spent in this place as a percentage of turns spent in this place.
 D = Turns resting spent in this place as a percentage of non-inter-level travel turns spent in this place.
 E = Turns spent auto-exploring this place as a percentage of non-inter-level travel turns spent in this place.
 F = Non-inter-level travel turns spent in this place divided by the number of levels of this place that you've seen.
                   A       B       C       D       E      F
               +-------+-------+-------+-------+-------+----------------------
         Total | 100.0 | 100.0 |   0.0 |   4.1 |  22.4 |  49.0
       Dungeon | 100.0 | 100.0 |   0.0 |   4.1 |  22.4 |  49.0
               +-------+-------+-------+-------+-------+----------------------

Table legend:
 A = Kills in this place as a percentage of kills in entire the game.
 B = Kills by you in this place as a percentage of kills by you in the entire game.
 C = Kills by friends in this place as a percentage of kills by friends in the entire game.
 D = Other kills in this place as a percentage of other kills in the entire game.
 E = Experience gained in this place as a percentage of experience gained in the entire game.
 F = Experience gained in this place divided by the number of levels of this place that you have seen.
                   A       B       C       D       E      F
               +-------+-------+-------+-------+-------+----------------------
         Total | 100.0 | 100.0 |  -nan |  -nan | 100.0 |   4.0
       Dungeon | 100.0 | 100.0 |  -nan |  -nan | 100.0 |   4.0
               +-------+-------+-------+-------+-------+----------------------
